 Dungeon Crawl Stone Soup version 0.30-b1-2-g02819fbbbe (webtiles) character file.

Game seed: 15387059016481610830

64 suse60 the Digger (level 4, -1/33 HPs)
             Began as a Ghoul Earth Elementalist on Nov 18, 2023.
             Slain by a gnoll
             ... wielding a +0 spear
              (3 damage)
             ... on level 2 of the Dungeon.
             The game lasted 00:14:05 (1528 turns).

suse60 the Digger (Ghoul Earth Elementalist)        Turns: 1528, Time: 00:14:05

Health: -1/33      AC:  4    Str: 11    XL:     4   Next: 12%
Magic:  0/6        EV: 11    Int: 12    God:
Gold:   112        SH:  0    Dex:  9    Spells: 3/7 levels left

rFire   . . .        i - +1 spear
rCold   + . .        (no shield)
rNeg    + + +        h - +0 leather armour
rPois   ∞            (no helmet)
rElec   .            (no cloak)
rCorr   .            (no gloves)
SInv    .            g - +0 pair of boots
Will    .....        (no amulet)
Stlth   ++           c - ring of wizardry
HPRegen 0.00/turn    (no ring)
MPRegen 0.10/turn

%: wizardry (x1)
@: inhibited regen
A: claws 1, cold resistance 1, negative energy resistance 3, inhibited
regeneration, torment resistance 2, devour on kill
a: no special abilities


You were on level 2 of the Dungeon.
You visited 1 branch of the dungeon, and saw 2 of its levels.

You collected 112 gold pieces.

Inventory:

Hand Weapons
 i - a +1 spear (weapon)
 k - a +2 sling of flaming
Missiles
 d - 19 stones
Armour
 a - a +0 robe
 g - a +0 pair of boots (worn)
 h - a +0 leather armour (worn)
Jewellery
 c - a ring of wizardry (left claw)
Scrolls
 e - a scroll of fear
 j - a scroll of torment
Potions
 b - a potion of magic
 f - a potion of resistance {unknown}


   Skills:
 + Level 2.3 Dodging
 + Level 2.9 Stealth
 + Level 2.2 Spellcasting
 + Level 0.4 Conjurations
 - Level 1.3 Transmutations
 + Level 3.8 Earth Magic


You had 3 spell levels left.
You knew the following spells:

 Your Spells              Type           Power      Damage    Failure   Level
a - Sandblast             Erth           20%        2d7       3%          1
b - Stone Arrow           Conj/Erth      12%        3d7       17%         3

Your spell library contained the following spells:

 Spells                   Type           Power      Damage    Failure   Level
 Passwall                 Tmut/Erth      5%         N/A       8%          2
 Petrify                  Tmut/Erth      7%         N/A       43%         4


Dungeon Overview and Level Annotations

Branches:
Dungeon (2/15)

Altars:


Innate Abilities, Weirdness & Mutations

You are immune to poison.
You have sharp fingernails.
Your flesh is cold resistant. (rC+)
You are immune to negative energy. (rN+++)
You do not regenerate when monsters are visible.
You are immune to unholy pain and torment.
You thrive by killing the living.


Message History

Press: ? - help, Shift-Dir - straight line, f/p - gnoll
Aim: a gnoll, wielding a +0 spear (almost dead, 84% to hit)
The blast of sand misses the gnoll.
The gnoll hits you from afar with a +0 spear.
The gnoll misses you.
Casting: Sandblast (safe; 3% risk of failure)
Confirm with . or Enter, or press ? or * to list all spells.
Aiming: Sandblast (safe; 3% risk of failure)
Press: ? - help, Shift-Dir - straight line, f/p - gnoll
Aim: a gnoll, wielding a +0 spear (almost dead, 84% to hit)
The blast of sand hits the gnoll!
You kill the gnoll!
You have reached level 4!
Casting: Sandblast (safe; 3% risk of failure)
Confirm with . or Enter, or press ? or * to list all spells.
Aiming: Sandblast (safe; 3% risk of failure)
Press: ? - help, Shift-Dir - straight line, f - gnoll
Aim: a gnoll, wielding a +0 spear (fast, 84% to hit)
The blast of sand hits the gnoll.
The gnoll is moderately wounded.
The gnoll hits you with a +0 spear. x2; The endoplasm closely misses you.
The gnoll barely misses you.
The gnoll hits you from afar with a +0 spear.
The endoplasm attacks as you move away!
The endoplasm hits you but does no damage.
The gnoll hits you from afar with a +0 spear.
* * * LOW HITPOINT WARNING * * *
There is an open door here.
The gnoll hits you from afar with a +0 spear!
* * * LOW HITPOINT WARNING * * *
Casting: Sandblast (safe; 3% risk of failure)
Confirm with . or Enter, or press ? or * to list all spells.
Aiming: Sandblast (safe; 3% risk of failure)
Press: ? - help, Shift-Dir - straight line, f/p - gnoll
Aim: a gnoll, wielding a +0 spear (moderately wounded, fast, 84% to hit)
The blast of sand hits the endoplasm!
You kill the endoplasm!
The gnoll completely misses you.
The gnoll hits you from afar with a +0 spear.
You die...

#......# ....
#......# ###
#......#
###....# ##'###
#.# #g# #.#
#@## #..# ##.#
....... #.###
....... #...#
....... ###(##
....... #..#
.......
##.#####.......
#.....#.......


You could see a gnoll (fast).

Vanquished Creatures
  3 gnolls
  An adder (D:2)
  A dart slug (D:1)
  4 endoplasms
  2 hobgoblins
  2 ball pythons (D:2)
  3 bats
  3 goblins
  5 kobolds (D:2)
  2 rats
26 creatures vanquished.

Notes
Turn   | Place    | Note
-------+----------+-------------------------------------------
     0 | D:1      | suse60 the Ghoul Earth Elementalist began the quest for the
                  | Orb.
     0 | D:1      | Reached XP level 1. HP: 14/14 MP: 2/2
   168 | D:1      | Reached skill level 1 in Transmutations
   392 | D:1      | Reached XP level 2. HP: 7/20 MP: 0/3
   782 | D:1      | HP: 1/20 [gnoll/+0 flail (8)]
   784 | D:1      | Reached XP level 3. HP: 5/26 MP: 1/5
   901 | D:2      | Learned a level 3 spell: Stone Arrow
  1519 | D:2      | Reached XP level 4. HP: 23/33 MP: 1/6
  1528 | D:2      | Slain by a gnoll

Illustrated notes

Levels and vault maps discovered:
D:1:      minmay_arrival_doors, layout_rooms
D:2:      mumra_celtic_spiral_tile, layout_basic, minmay_pentomino_x2,
          uniq_sigmund

Skill      XL: |  1  2 |
---------------+-------+-----
Transmutations | 1 |  1.3
Dodging        | 2 |  2.3
Spellcasting   | 2 |  2.2
Stealth        | |  2.9
Conjurations   | |  0.4
Earth Magic    | |  3.8

Action                     |  1- 3 |  4- 6 || total
---------------------------+-------+-------++-------
  Melee: Spear             |     3 |       ||     3
   Cast: Sandblast         |    41 |     2 ||    43
    Use: Scroll            |     5 |       ||     5
   Stab: Distracted        |     1 |       ||     1
         Sleeping          |     1 |       ||     1
 Armour: Leather armour    |     4 |     1 ||     5
  Dodge: Dodged            |    18 |     3 ||    21
